 Dungeon Crawl Stone Soup version 0.30-a0-719-gcc4359ea44 (webtiles) character file.

Game seed: 17416588370417918706

18 kae the Insei (level 2, 0/31 HPs)
             Began as a Demonspawn Transmuter on Jan 26, 2023.
             Succumbed to an adder's poison
             ... on level 2 of the Dungeon.
             The game lasted 00:00:46 (766 turns).

kae the Insei (Demonspawn Transmuter)                Turns: 766, Time: 00:00:46

Health: 0/31       AC: 21    Str: 10    XL:     2   Next: 51%
Magic:  4/5        EV:  2    Int: 14    God:
Gold:   92         SH:  4    Dex: 13    Spells: 2/5 levels left

rFire   . . .      SeeInvis .      - Unarmed
rCold   . . .      Faith    .    (no shield)
rNeg    . . .      Spirit   .    (body armour currently unavailable)
rPois   +          Reflect  .    (helmet currently unavailable)
rElec   .          Harm     .    (cloak currently unavailable)
rCorr   .          Rampage  .    (gloves currently unavailable)
Will    .....      NoTele   +    (boots currently unavailable)
Stlth   +                        (no amulet)
HPRegen 0.25/turn                (no ring)
MPRegen 0.09/turn                (no ring)

@: lethally poisoned (0 -> -3), tree-form
A: stationary, stasis, torment immunity, boosted hp, condensation shield
a: no special abilities


You were on level 2 of the Dungeon.
You were a tree.
You visited 1 branch of the dungeon, and saw 2 of its levels.

You collected 92 gold pieces.


Innate Abilities, Weirdness & Mutations

You are a tree.
Your roots penetrate the ground, keeping you stationary.
You cannot be teleported.
You are immune to unholy pain and torment.
Your maximum health is greatly increased.
Your equipment is partially melded.
A meltable shield of frost defends you. (SH +4)


   Skills:
 - Level 1.0 Fighting
 - Level 1.7 Dodging
 + Level 2.9 Unarmed Combat
 + Level 2.2 Spellcasting
 * Level 2.4 Transmutations


You had 2 spell levels left.
You knew the following spells:

 Your Spells              Type           Power      Damage    Failure   Level
a - Beastly Appendage     Tmut           16%        N/A       9%          1
b - Wereblood             Tmut           8%         N/A       13%         2

Your spell library contained the following spells:

 Spells                   Type           Power      Damage    Failure   Level
 Spider Form              Tmut/Pois      4%         N/A       38%         3
 Ice Form                 Ice/Tmut       4%         N/A       80%         4

Inventory:

Missiles
 c - 9 stones
Armour
 a - a +0 robe (melded)
Scrolls
 d - a scroll of immolation {unknown}
 e - 3 scrolls of amnesia {unknown}
 f - a scroll of identify {unknown}
 h - a scroll of acquirement {unknown}
 i - a scroll of torment {unknown}
 j - a scroll of teleportation {unknown}
Potions
 g - 2 potions of curing {unknown}

Dungeon Overview and Level Annotations

Branches:
Dungeon (2/15) Zot: 11232

Altars:

Shops:
D:1

: #.........#
#.........# #
#####.#####
#!##......#
#.........#
....$.....###
####.#......##
#...?.....##
#...♣......#
#..rwS.)...#
#...$......#
#!.........#
#..........#
##........##
..........#
#..........#


You could see a worm, an adder and a rat.


Message History

You take 1 damage, and now have 20/21 hp.
An endoplasm is nearby!
You hit the endoplasm. You claw the endoplasm.
You kill the endoplasm!
No target in view! 😎 HP[+1]
Your hp is fully restored (21).
You now have 80 gold pieces (gained 9).
Your horns disappear.
Your talons disappear.
You now have 92 gold pieces (gained 12).
A kobold comes into view. It is wielding a +0 short sword.
The kobold shouts! 😎 MP[+1]
Your mp is fully restored (5).
A kobold is nearby!
A rat comes into view.
An adder comes into view.
You see here a scroll labelled KAOJINOXT.
There are monsters nearby!
A worm comes into view.
The kobold hits you but does no damage.
You hit the kobold. The kobold hits you but does no damage.
The adder barely misses you.
There are monsters nearby!
There are monsters nearby!
Casting: Beastly Appendage (safe; 9% risk of failure)
Confirm with . or Enter, or press ? or * to list all spells.
You grow a pair of large bovine horns.
Your feet morph into talons.
The rat bites you but does no damage. The kobold hits you but does no damage.
The adder bites you.
You are poisoned.
The adder poisons you!
You feel sick. The rat closely misses you.
The kobold hits you with a +0 short sword.
The adder bites you.
You are more poisoned.
The adder poisons you! 😮 HP[-8] MP[-1]
You take 8 damage, and now have 13/21 hp.
MASSIVE DAMAGE!! (PAUSE)
You lost 1 mp, and now have 4/5 mp.
Really quaff
b - a potion of lignification {!q}?
Really quaff the potion of lignification?
Your horns disappear.
Your talons disappear.
You turn into a tree.
Your +0 robe melds into your body.
Your roots penetrate the ground.
You feel very sick. The adder bites you but does no damage.
The rat bites you but does no damage.
The kobold hits you but does no damage. 😮 HP[+3]
You now have 31 max hp (+10).
You regained 3 hp, and now have 16/31 hp.
You closely miss the adder.
You feel sick. The adder completely misses you.
The rat bites you but does no damage. You block the kobold's attack.
The adder bites you.
* * * LOW HITPOINT WARNING * * *
You are more poisoned.
The adder poisons you! 😨 HP[-4]
You take 4 damage, and now have 12/31 hp.
You closely miss the adder.
* * * LOW HITPOINT WARNING * * *
You feel sick. The rat bites you.
* * * LOW HITPOINT WARNING * * *
The kobold completely misses you.
The adder bites you but does no damage. 😨 HP[-4]
You take 4 damage, and now have 8/31 hp.
You closely miss the adder.
* * * LOW HITPOINT WARNING * * *
You feel sick. The adder bites you but does no damage.
You block the rat's attack. The kobold hits you but does no damage.
Unknown command. 😱 HP[-2]
You take 2 damage, and now have 6/31 hp.
You closely miss the adder.
* * * LOW HITPOINT WARNING * * *
You feel sick. The adder bites you but does no damage.
You block the rat's attack. You block the kobold's attack. 😱 HP[-2]
You take 2 damage, and now have 4/31 hp.
You smack the adder!
* * * LOW HITPOINT WARNING * * *
You feel sick. The adder bites you but does no damage.
The rat bites you but does no damage.
The kobold hits you with a +0 short sword.
* * * LOW HITPOINT WARNING * * *
The adder barely misses you. 😱 HP[-2]
You take 2 damage, and now have 2/31 hp.
Unknown command.
You barely miss the kobold. You punch the kobold, but do no damage.
* * * LOW HITPOINT WARNING * * *
You feel sick. The rat bites you but does no damage.
The kobold completely misses you.
The adder bites you but does no damage. 😱 HP[-1]
You take 1 damage, and now have 1/31 hp.
You hit the kobold.
You kill the kobold!
The adder bites you but does no damage. The rat bites you but does no damage.
You barely miss the adder.
You die...

Skill      XL: |  1 |
---------------+----+-----
Transmutations | 2 |  2.4
Fighting       | |  1.0
Dodging        | |  1.7
Unarmed Combat | |  2.9
Spellcasting   | |  2.2

Action                     || total
---------------------------++-------
  Melee: Unarmed           ||    46
         Kick              ||     8
         Headbutt          ||     3
         Punch             ||     2
   Cast: Beastly Appendage ||     9
    Use: Potion            ||     1
 Armour: Robe              ||    10
         Skin              ||    14
  Dodge: Dodged            ||    18
  Block: Other             ||     7

Levels and vault maps discovered:
D:1:      reono_arrival_forest_river, layout_loops_ring, serial_shops, shop
D:2:      layout_rooms, basic_altar

Notes
Turn   | Place    | Note
-------+----------+-------------------------------------------
     0 | D:1      | kae the Demonspawn Transmuter began the quest for the Orb.
     0 | D:1      | Reached XP level 1. HP: 15/15 MP: 3/3
     0 | D:1      | magus.rc [v1.11.3]
    94 | D:1      | Reached skill level 2 in Transmutations
   267 | D:1      | Gained mutation: A meltable shield of frost defends you.
                  | (SH +4) [demonic ancestry]
   267 | D:1      | Reached XP level 2. HP: 14/21 MP: 1/5
   320 | D:1      | Learned a level 2 spell: Wereblood
   658 | D:1      | Found Suoxked's Book Shop.
   761 | D:2      | HP: 6/31 [poisoned by an adder]
   763 | D:2      | HP: 2/31 [kobold/+0 short sword (1)]
   766 | D:2      | Succumbed to an adder's poison

Vanquished Creatures
  A bat (D:1)
  4 endoplasms
  A goblin (D:1)
  4 jackals (D:1)
  A quokka (D:1)
  A ball python (D:1)
  2 kobolds
  2 rats (D:1)
16 creatures vanquished.

Table legend:
 A = Non-vault XP
 B = Vault XP
 C = Vault XP percentage of total XP
 D = Non-vault monster count
 E = Vault monster count
 F = Vault count percentage of total count
                 A         B        C        D         E       F
            +---------+---------+-------+---------+---------+-------
      Total |      27 |       0 |   0.0 |      16 |       0 |   0.0
            +---------+---------+-------+---------+---------+-------
        D:1 |      24 |       0 |   0.0 |      14 |       0 |   0.0
        D:2 |       3 |       0 |   0.0 |       2 |       0 |   0.0
            +---------+---------+-------+---------+---------+-------

Illustrated notes

Table legend:
 A = Kills in this place as a percentage of kills in entire the game.
 B = Kills by you in this place as a percentage of kills by you in the entire game.
 C = Kills by friends in this place as a percentage of kills by friends in the entire game.
 D = Other kills in this place as a percentage of other kills in the entire game.
 E = Experience gained in this place as a percentage of experience gained in the entire game.
 F = Experience gained in this place divided by the number of levels of this place that you have seen.
                   A       B       C       D       E      F
               +-------+-------+-------+-------+-------+----------------------
         Total | 100.0 | 100.0 |   N/A |   N/A | 100.0 |  13.5
       Dungeon | 100.0 | 100.0 |   N/A |   N/A | 100.0 |  13.5
               +-------+-------+-------+-------+-------+----------------------

Table legend: (Time is in decaauts)
 A = Elapsed time spent in this place.
 B = Non-inter-level travel time spent in this place.
 C = Inter-level travel time spent in this place.
 D = Time resting spent in this place.
 E = Time spent auto-exploring this place.
 F = Levels seen in this place.
 G = Mean time per level.
                   A        B        C        D        E       F      G
               +--------+--------+--------+--------+--------+-----+--------+
         Total |    767 |    736 |     31 |      0 |    627 |   2 |  383.5 |
       Dungeon |    767 |    736 |     31 |      0 |    627 |   2 |  383.5 |
               +--------+--------+--------+--------+--------+-----+--------+

Top non-repeatable levels by time:
     D:1: 732 daAuts
     D:2: 35 daAuts
